[Event "CZE-ch Amateurs 2022"]
[Site "Luhacovice"]
[Date "2022.03.14"]
[Round "4.10"]
[White "Novotny, Jaroslav"]
[Black "Benes, Miroslav"]
[Result "0-1"]
[ECO "A17"]
[WhiteElo "2190"]
[BlackElo "1929"]
[Annotator "ChessBase"]
[PlyCount "20"]
[EventDate "2022.03.12"]
[EventType "swiss"]
[EventCountry "CZE"]
[SourceTitle "playchess.com"]
[Source "ChessBase"]
[SourceQuality "1"]
[TimeControl "5400+30"]

1. Nf3 d5 2. e3 Nf6 3. c4 e6 4. Nc3 a6 5. b3 Be7 6. Bb2 O-O 7. Be2 c5 8. cxd5 Nxd5 9. Qb1 b5 10. h4 Nc6 0-1

[Event "CZE-ch Amateurs 2022"]
[Site "Luhacovice"]
[Date "2022.03.14"]
[Round "4.11"]
[White "Buchcar, Tomas"]
[Black "Marak, Jakub"]
[Result "1-0"]
[ECO "A09"]
[WhiteElo "2121"]
[BlackElo "1880"]
[Annotator "ChessBase"]
[PlyCount "66"]
[EventDate "2022.03.12"]
[EventType "swiss"]
[EventCountry "CZE"]
[SourceTitle "playchess.com"]
[Source "ChessBase"]
[SourceQuality "1"]
[TimeControl "5400+30"]

1. Nf3 d5 2. e3 Nf6 3. c4 dxc4 4. Bxc4 e6 5. a3 c5 6. Qc2 Nc6 7. Be2 Be7 8. b3 O-O 9. Bb2 b6 10. d3 Bb7 11. Nbd2 Rc8 12. O-O Nd5 13. Rfe1 Bf6 14. Rec1 Bxb2 15. Qxb2 Qf6 16. Ra2 Rfd8 17. Qxf6 Nxf6 18. Rac2 e5 19. Bf1 Nd5 20. g3 f6 21. Bh3 Rb8 22. Ne4 Kf7 23. Nfd2 Nce7 24. Nc4 Kf8 25. g4 Nc7 26. Bf1 Ne6 27. Be2 Rd7 28. Ncd6 Bd5 29. b4 Rbd8 30. bxc5 Nxc5 31. Nxc5 Rxd6 32. Na6 Bb7 33. Nc7 a6 1-0

[Event "CZE-ch Amateurs 2022"]
[Site "Luhacovice"]
[Date "2022.03.14"]
[Round "4.12"]
[White "Gabriel, Adam"]
[Black "Kulhanek, Jachym"]
[Result "1/2-1/2"]
[ECO "D37"]
[WhiteElo "2097"]
[BlackElo "1951"]
[Annotator "ChessBase"]
[PlyCount "88"]
[EventDate "2022.03.12"]
[EventType "swiss"]
[EventCountry "CZE"]
[SourceTitle "playchess.com"]
[Source "ChessBase"]
[SourceQuality "1"]
[TimeControl "5400+30"]

1. Nf3 Nf6 2. c4 e6 3. Nc3 d5 4. d4 Be7 5. Bf4 O-O 6. e3 b6 7. cxd5 Nxd5 8. Nxd5 exd5 9. Bd3 c5 10. dxc5 bxc5 11. O-O Nc6 12. Ne5 Nxe5 13. Bxe5 g6 14. Qf3 Be6 15. b3 f6 16. Bc3 Bd6 17. Rac1 Qd7 18. h3 a5 19. a4 Be5 20. Bxe5 fxe5 21. Qg3 e4 22. Be2 Qe7 23. Rfd1 Rad8 24. Bb5 Rf5 25. Rd2 Rdf8 26. h4 Rh5 27. Rdc2 Rxh4 28. Rxc5 Rg4 29. Qc7 Qg5 30. Bf1 Rh4 31. g3 Rh6 32. Bg2 Qh5 33. Rxa5 Qh2+ 34. Kf1 Bh3 35. Rc2 Qxg2+ 36. Ke1 Qg1+ 37. Kd2 Rxf2+ 38. Kc3 Rxc2+ 39. Kxc2 Qf2+ 40. Kb1 Qf8 41. Rxd5 Bf1 42. Rd8 Bd3+ 43. Kc1 Rh1+ 44. Kd2 Rh2+ 1/2-1/2

[Event "CZE-ch Amateurs 2022"]
[Site "Luhacovice"]
[Date "2022.03.14"]
[Round "4.13"]
[White "Hampl, David"]
[Black "Cupek, Martin"]
[Result "0-1"]
[ECO "B07"]
[WhiteElo "1443"]
[BlackElo "2108"]
[Annotator "ChessBase"]
[PlyCount "50"]
[EventDate "2022.03.12"]
[EventType "swiss"]
[EventCountry "CZE"]
[SourceTitle "playchess.com"]
[Source "ChessBase"]
[SourceQuality "1"]
[TimeControl "5400+30"]

1. d4 d6 2. e4 Nd7 3. Nc3 e5 4. Be3 Ngf6 5. f3 c6 6. Qd2 Be7 7. g4 h5 8. gxh5 Nxh5 9. Bf2 Bg5 10. Qd1 Bh4 11. Qd2 Bxf2+ 12. Qxf2 exd4 13. Nce2 Qa5+ 14. c3 dxc3 15. Nxc3 Qc5 16. Qg2 Qe3+ 17. Be2 Ne5 18. Nd1 Qd4 19. Nh3 Qb4+ 20. Kf1 Qd2 21. Ndf2 Bxh3 22. Qxh3 Qxe2+ 23. Kxe2 Nf4+ 24. Ke3 Nxh3 25. f4 Nxf2 0-1

[Event "CZE-ch Amateurs 2022"]
[Site "Luhacovice"]
[Date "2022.03.14"]
[Round "4.14"]
[White "Svacina, Tobias"]
[Black "Kupsa, Matej"]
[Result "1/2-1/2"]
[ECO "D40"]
[WhiteElo "1749"]
[BlackElo "2097"]
[Annotator "ChessBase"]
[PlyCount "47"]
[EventDate "2022.03.12"]
[EventType "swiss"]
[EventCountry "CZE"]
[SourceTitle "playchess.com"]
[Source "ChessBase"]
[SourceQuality "1"]
[TimeControl "5400+30"]

1. e4 d5 2. exd5 Nf6 3. c4 c6 4. d4 cxd5 5. Nc3 Nc6 6. Bg5 e6 7. Nf3 Be7 8. Bd3 dxc4 9. Bxc4 O-O 10. a3 b6 11. O-O Bb7 12. Qd3 h6 13. Bh4 Nd5 14. Bg3 Nxc3 15. bxc3 Qc8 16. Rfe1 Bf6 17. Bb3 Ba6 18. Qe4 Ne7 19. Ne5 Bb7 20. Qd3 Ba6 21. Qe4 Bb7 22. Qd3 Ba6 23. Qe4 Bb7 24. Qd3 1/2-1/2

[Event "CZE-ch Amateurs 2022"]
[Site "Luhacovice"]
[Date "2022.03.14"]
[Round "4.15"]
[White "Galicek, Stanislav"]
[Black "Bakalar, Jan"]
[Result "1/2-1/2"]
[ECO "A29"]
[WhiteElo "2079"]
[BlackElo "1820"]
[Annotator "ChessBase"]
[PlyCount "78"]
[EventDate "2022.03.12"]
[EventType "swiss"]
[EventCountry "CZE"]
[SourceTitle "playchess.com"]
[Source "ChessBase"]
[SourceQuality "1"]
[TimeControl "5400+30"]

1. c4 e5 2. Nc3 Nf6 3. Nf3 Nc6 4. e4 Bb4 5. d3 Bxc3+ 6. bxc3 h6 7. g3 d6 8. Bg2 O-O 9. O-O Bg4 10. h3 Bxf3 11. Qxf3 Kh7 12. Qe3 Ng8 13. f4 f6 14. f5 Nge7 15. g4 Rh8 16. h4 Kg8 17. g5 hxg5 18. hxg5 Kf8 19. g6 Na5 20. c5 dxc5 21. Qxc5 b6 22. Qe3 Qd6 23. Rf3 Rd8 24. Bf1 c5 25. Ba3 Ke8 26. Rd1 Nac6 27. Rd2 Kd7 28. Rh2 Rxh2 29. Kxh2 Rh8+ 30. Rh3 Rxh3+ 31. Qxh3 Qb8 32. Qh7 Qf8 33. Be2 Qg8 34. Qxg8 Nxg8 35. Bd1 Nge7 36. Bb3 Kd6 37. Kg2 b5 38. Bb2 a5 39. a4 b4 1/2-1/2

[Event "CZE-ch Amateurs 2022"]
[Site "Luhacovice"]
[Date "2022.03.14"]
[Round "4.16"]
[White "Slepov, Kyryl"]
[Black "Fishchuk, Vladyslav"]
[Result "1-0"]
[ECO "A20"]
[WhiteElo "2064"]
[BlackElo "1657"]
[Annotator "ChessBase"]
[PlyCount "117"]
[EventDate "2022.03.12"]
[EventType "swiss"]
[EventCountry "CZE"]
[SourceTitle "playchess.com"]
[Source "ChessBase"]
[SourceQuality "1"]
[TimeControl "5400+30"]

1. c4 e5 2. g3 c6 3. Nf3 e4 4. Nd4 d5 5. cxd5 Qxd5 6. Nc2 Nf6 7. Nc3 Qe5 8. Bg2 Be7 9. Ne3 Na6 10. Qc2 Nb4 11. Qb1 Nbd5 12. Nxe4 Nxe3 13. Nxf6+ Qxf6 14. fxe3 Bf5 15. e4 Bg4 16. Qc2 h5 17. d3 h4 18. Rf1 Qe5 19. Qc3 Bf6 20. Qxe5+ Bxe5 21. Kf2 hxg3+ 22. hxg3 O-O-O 23. Rb1 Rh2 24. Rg1 Rd6 25. Bf4 Rf6 26. Ke3 Bxf4+ 27. gxf4 Rfh6 28. Rbf1 g6 29. Bf3 Bxf3 30. Rxf3 Rh1 31. Rxh1 Rxh1 32. Kd2 Kd7 33. d4 Rh4 34. Kd3 Kd6 35. e5+ Ke6 36. e4 Rh2 37. Kc3 Re2 38. f5+ Ke7 39. fxg6 fxg6 40. Rf6 g5 41. Rg6 Kf7 42. Rxg5 Rxe4 43. Rf5+ Kg7 44. Rf2 c5 45. dxc5 Rxe5 46. Kd4 Re1 47. Kd5 Rd1+ 48. Ke6 Kg8 49. Rf3 Rg1 50. Kd7 Rg5 51. Rc3 Kf7 52. b4 Kf6 53. Kd6 Kf5 54. b5 Ke4 55. c6 Rd5+ 56. Kc7 bxc6 57. bxc6 Kd4 58. Rc1 a5 59. Rd1+ 1-0

[Event "CZE-ch Amateurs 2022"]
[Site "Luhacovice"]
[Date "2022.03.14"]
[Round "4.17"]
[White "Lang Simon"]
[Black "Zabystrzan, Pavel"]
[Result "0-1"]
[ECO "B14"]
[WhiteElo "1812"]
[BlackElo "2162"]
[Annotator "ChessBase"]
[PlyCount "68"]
[EventDate "2022.03.12"]
[EventType "swiss"]
[EventCountry "CZE"]
[SourceTitle "playchess.com"]
[Source "ChessBase"]
[SourceQuality "1"]
[TimeControl "5400+30"]

1. e4 c6 2. d4 d5 3. exd5 cxd5 4. c4 Nf6 5. Nc3 g6 6. Qb3 Bg7 7. cxd5 O-O 8. Be2 Na6 9. Bf3 Qb6 10. Qxb6 axb6 11. Nge2 Nb4 12. O-O Rd8 13. Bg5 Nbxd5 14. Nxd5 Nxd5 15. Bxd5 Rxd5 16. Bxe7 Bg4 17. f3 Re8 18. fxg4 Rxe7 19. Rfe1 Rb5 20. Rab1 Re4 21. h3 Kf8 22. Kf2 f5 23. Kf3 Bxd4 24. gxf5 Re3+ 25. Kg4 Rbe5 26. Nxd4 Rxe1 27. Rxe1 Rxe1 28. Ne6+ Ke7 29. Ng5 h6 30. Nf3 Re4+ 31. Kg3 gxf5 32. Nh4 Kf6 33. Nf3 Re2 34. Kf4 Rxg2 0-1

[Event "CZE-ch Amateurs 2022"]
[Site "Luhacovice"]
[Date "2022.03.14"]
[Round "4.18"]
[White "Urban, Zdenek"]
[Black "Molnar, Ladislav"]
[Result "1/2-1/2"]
[ECO "E11"]
[WhiteElo "2093"]
[BlackElo "1775"]
[Annotator "ChessBase"]
[PlyCount "108"]
[EventDate "2022.03.12"]
[EventType "swiss"]
[EventCountry "CZE"]
[SourceTitle "playchess.com"]
[Source "ChessBase"]
[SourceQuality "1"]
[TimeControl "5400+30"]

1. d4 Nf6 2. c4 e6 3. Nf3 Bb4+ 4. Bd2 Bxd2+ 5. Nbxd2 d6 6. g3 O-O 7. Bg2 Nbd7 8. b4 c5 9. dxc5 dxc5 10. b5 Qc7 11. O-O Rb8 12. a4 b6 13. a5 Bb7 14. Qc2 bxa5 15. Qc3 a6 16. bxa6 Bxa6 17. Qxa5 Qxa5 18. Rxa5 Bb7 19. Rfa1 Ra8 20. Ne5 Rxa5 21. Rxa5 Bxg2 22. Nxd7 Nxd7 23. Kxg2 Rc8 24. f4 Kf8 25. Ra7 Ke7 26. Ne4 f6 27. Kf3 h6 28. h4 f5 29. Nf2 g6 30. Nd3 Kd6 31. e4 h5 32. Ke3 Rc6 33. Rb7 Rc7 34. e5+ Kc6 35. Rxc7+ Kxc7 36. Kd2 Kc6 37. Kc3 Kb6 38. Ne1 Nf8 39. Nf3 Nd7 40. Ng5 Nf8 41. Kb3 Ka6 42. Ka4 Kb6 43. Nf7 Ka6 44. Nd6 Nd7 45. Nb5 Nf8 46. Kb3 Kb6 47. Nc3 Nd7 48. Na4+ Kc6 49. Nc3 Kb6 50. Nb5 Nf8 51. Nd6 Nd7 52. Nc8+ Ka6 53. Ne7 Nf8 54. Ng8 Kb6 1/2-1/2

[Event "CZE-ch Amateurs 2022"]
[Site "Luhacovice"]
[Date "2022.03.14"]
[Round "4.19"]
[White "Horvath, Tomas"]
[Black "Bednar, Milos"]
[Result "1-0"]
[ECO "B21"]
[WhiteElo "2079"]
[BlackElo "1715"]
[Annotator "ChessBase"]
[PlyCount "43"]
[EventDate "2022.03.12"]
[EventType "swiss"]
[EventCountry "CZE"]
[SourceTitle "playchess.com"]
[Source "ChessBase"]
[SourceQuality "1"]
[TimeControl "5400+30"]

1. e4 c5 2. d4 cxd4 3. c3 d3 4. Bxd3 g6 5. Nf3 Nc6 6. c4 Bg7 7. O-O e6 8. Nc3 Nge7 9. Bf4 d5 10. exd5 exd5 11. Nb5 O-O 12. Nc7 dxc4 13. Bxc4 Rb8 14. Qxd8 Rxd8 15. Ng5 Rf8 16. Rfe1 Bxb2 17. Rad1 Bf6 18. Ne4 Bg7 19. Bd6 Be5 20. Bxe5 Nxe5 21. Nf6+ Kg7 22. Nfe8+ 1-0

[Event "CZE-ch Amateurs 2022"]
[Site "Luhacovice"]
[Date "2022.03.14"]
[Round "4.20"]
[White "Kovalskyi, Roman"]
[Black "Navratilik, Pavel"]
[Result "1/2-1/2"]
[ECO "B20"]
[WhiteElo "1815"]
[BlackElo "2082"]
[Annotator "ChessBase"]
[PlyCount "83"]
[EventDate "2022.03.12"]
[EventType "swiss"]
[EventCountry "CZE"]
[SourceTitle "playchess.com"]
[Source "ChessBase"]
[SourceQuality "1"]
[TimeControl "5400+30"]

1. e4 c5 2. b3 d5 3. exd5 Qxd5 4. Nc3 Qd8 5. Bb2 Nc6 6. Bb5 Bd7 7. Nf3 Nf6 8. Qe2 e6 9. O-O-O a6 10. Bxc6 Bxc6 11. d4 Be7 12. dxc5 Qc7 13. Ne5 O-O 14. f3 Bxc5 15. g4 Rad8 16. h4 Bd4 17. Nxc6 Qxc6 18. Ne4 Bxb2+ 19. Kxb2 Nxe4 20. fxe4 Rxd1 21. Rxd1 Rc8 22. e5 h6 23. g5 hxg5 24. hxg5 Qc3+ 25. Kb1 Qg3 26. Rh1 Rc5 27. Qh5 Kf8 28. Qh8+ Ke7 29. Rd1 Rd5 30. Rxd5 exd5 31. Qxg7 d4 32. Qf6+ Ke8 33. a4 Qe1+ 34. Ka2 Qe4 35. Kb2 Qe3 36. Qf5 Qc3+ 37. Ka2 d3 38. cxd3 Qc2+ 39. Ka3 a5 40. Qf4 Qc3 41. Ka2 Qc2+ 42. Ka3 1/2-1/2

[Event "CZE-ch Amateurs 2022"]
[Site "Luhacovice"]
[Date "2022.03.15"]
[Round "5.1"]
[White "Zvolensky, David"]
[Black "Lorenc, Tomas"]
[Result "1-0"]
[ECO "B01"]
[WhiteElo "2159"]
[BlackElo "2183"]
[Annotator "ChessBase"]
[PlyCount "71"]
[EventDate "2022.03.12"]
[EventType "swiss"]
[EventCountry "CZE"]
[SourceTitle "playchess.com"]
[Source "ChessBase"]
[SourceQuality "1"]
[TimeControl "5400+30"]

1. e4 d5 2. exd5 Qxd5 3. Nc3 Qa5 4. d4 Nf6 5. Nf3 Bg4 6. h3 Bh5 7. g4 Bg6 8. Ne5 e6 9. Nc4 Qa6 10. h4 Qc6 11. Rh3 Bb4 12. h5 Be4 13. Nd2 Bxc3 14. Rxc3 Qd7 15. g5 Nd5 16. Nxe4 Nxc3 17. bxc3 Qd5 18. Qd3 Nd7 19. c4 Qa5+ 20. Bd2 Qa4 21. Nc3 Qc6 22. d5 Qd6 23. Qe3 O-O 24. Ne4 Qh2 25. O-O-O Rae8 26. dxe6 Rxe6 27. Bc3 Ne5 28. Ng3 Nc6 29. Qf4 Rfe8 30. Bd3 Ne5 31. Bf5 Rd6 32. Bxe5 Rxd1+ 33. Kxd1 Qg1+ 34. Kd2 f6 35. gxf6 gxf6 36. Bxh7+ 1-0

[Event "CZE-ch Amateurs 2022"]
[Site "Luhacovice"]
[Date "2022.03.15"]
[Round "5.3"]
[White "Toman, Jan"]
[Black "Jun, Rudolf"]
[Result "1/2-1/2"]
[ECO "E46"]
[WhiteElo "2127"]
[BlackElo "2215"]
[Annotator "ChessBase"]
[PlyCount "54"]
[EventDate "2022.03.12"]
[EventType "swiss"]
[EventCountry "CZE"]
[SourceTitle "playchess.com"]
[Source "ChessBase"]
[SourceQuality "1"]
[TimeControl "5400+30"]

1. d4 Nf6 2. c4 e6 3. Nc3 Bb4 4. e3 c5 5. Nge2 O-O 6. a3 Bxc3+ 7. Nxc3 b6 8. d5 d6 9. Be2 e5 10. e4 a6 11. O-O Ne8 12. f4 exf4 13. Bxf4 Nd7 14. Qe1 Ne5 15. Qg3 Qe7 16. Rad1 f6 17. b4 cxb4 18. axb4 Bd7 19. Qf2 g5 20. Bd2 Rc8 21. Qxb6 Nxc4 22. Bxc4 Rxc4 23. Qxa6 Rxb4 24. Qa5 Rc4 25. Qa6 Rb4 26. Qa5 Rc4 27. Qa6 Rb4 1/2-1/2

[Event "CZE-ch Amateurs 2022"]
[Site "Luhacovice"]
[Date "2022.03.15"]
[Round "5.4"]
[White "Benes, Miroslav"]
[Black "Kratochvil, Josef"]
[Result "1/2-1/2"]
[ECO "C99"]
[WhiteElo "1929"]
[BlackElo "2200"]
[Annotator "ChessBase"]
[PlyCount "29"]
[EventDate "2022.03.12"]
[EventType "swiss"]
[EventCountry "CZE"]
[SourceTitle "playchess.com"]
[Source "ChessBase"]
[SourceQuality "1"]
[TimeControl "5400+30"]

1. e4 e5 2. Nf3 Nc6 3. Bb5 a6 4. Ba4 Nf6 5. O-O Be7 6. Re1 b5 7. Bb3 d6 8. c3 O-O 9. h3 Na5 10. Bc2 c5 11. d4 Qc7 12. Nbd2 cxd4 13. cxd4 Nc6 14. dxe5 dxe5 15. Nf1 1/2-1/2

[Event "CZE-ch Amateurs 2022"]
[Site "Luhacovice"]
[Date "2022.03.15"]
[Round "5.5"]
[White "Mudrak, Josef"]
[Black "Slepov, Kyryl"]
[Result "1/2-1/2"]
[ECO "A46"]
[WhiteElo "2219"]
[BlackElo "2064"]
[Annotator "ChessBase"]
[PlyCount "37"]
[EventDate "2022.03.12"]
[EventType "swiss"]
[EventCountry "CZE"]
[SourceTitle "playchess.com"]
[Source "ChessBase"]
[SourceQuality "1"]
[TimeControl "5400+30"]

1. d4 Nf6 2. Nf3 d5 3. g3 e6 4. Bg2 Be7 5. O-O b5 6. Ne5 Bb7 7. Nd3 Nbd7 8. b4 a5 9. c3 O-O 10. Nd2 Ne4 11. Qc2 Nxd2 12. Bxd2 Nb6 13. Nc5 Bc6 14. e4 dxe4 15. Nxe4 Bd5 16. h4 Nc4 17. Bg5 f6 18. Bd2 Ra7 19. Rfe1 1/2-1/2

[Event "CZE-ch Amateurs 2022"]
[Site "Luhacovice"]
[Date "2022.03.15"]
[Round "5.6"]
[White "Sremanak, Slavomir"]
[Black "Pilch, Roman"]
[Result "1/2-1/2"]
[ECO "A43"]
[WhiteElo "2187"]
[BlackElo "2136"]
[Annotator "ChessBase"]
[PlyCount "76"]
[EventDate "2022.03.12"]
[EventType "swiss"]
[EventCountry "CZE"]
[SourceTitle "playchess.com"]
[Source "ChessBase"]
[SourceQuality "1"]
[TimeControl "5400+30"]

1. d4 Nf6 2. Nc3 c5 3. d5 d6 4. e4 g6 5. h3 Bg7 6. Nf3 Na6 7. Be2 Nc7 8. a4 O-O 9. O-O b6 10. Nd2 Rb8 11. f4 a6 12. Nc4 Bd7 13. e5 Nfe8 14. exd6 exd6 15. Ne4 Bf5 16. Ng3 Bd7 17. c3 b5 18. axb5 axb5 19. Ne3 f5 20. c4 Ra8 21. Rb1 b4 22. Bd3 Qh4 23. Ne2 Nf6 24. Qe1 Qxe1 25. Rxe1 Rfe8 26. Kf2 h5 27. Kf3 Kf7 28. Rg1 Ra2 29. g3 Re7 30. Nd1 Ne4 31. Be3 Ne8 32. Nc1 Ra8 33. Nb3 N8f6 34. Nf2 Ba4 35. Nd2 Nxd2+ 36. Bxd2 Bd7 37. Rge1 Rxe1 38. Bxe1 Ra2 1/2-1/2

[Event "CZE-ch Amateurs 2022"]
[Site "Luhacovice"]
[Date "2022.03.15"]
[Round "5.7"]
[White "Kapusta, Petr"]
[Black "Buchcar, Tomas"]
[Result "0-1"]
[ECO "B11"]
[WhiteElo "2105"]
[BlackElo "2121"]
[Annotator "ChessBase"]
[PlyCount "112"]
[EventDate "2022.03.12"]
[EventType "swiss"]
[EventCountry "CZE"]
[SourceTitle "playchess.com"]
[Source "ChessBase"]
[SourceQuality "1"]
[TimeControl "5400+30"]

1. e4 c6 2. Nc3 d5 3. Nf3 Bg4 4. h3 Bxf3 5. Qxf3 e6 6. exd5 cxd5 7. Bb5+ Nc6 8. O-O Nf6 9. b3 Be7 10. Bb2 O-O 11. Bxc6 bxc6 12. Ne2 Nd7 13. d4 Qb6 14. Nf4 Bf6 15. Rad1 Qa6 16. a4 g6 17. Rfe1 Bg7 18. h4 Rac8 19. h5 c5 20. hxg6 hxg6 21. Qh3 Rfd8 22. Nxe6 fxe6 23. Rxe6 Rc6 24. Re7 Nf8 25. Rxg7+ Kxg7 26. dxc5+ Rf6 27. b4 Qe6 28. Qc3 Qf5 29. Qe3 Ne6 30. Bxf6+ Qxf6 31. Re1 Re8 32. c3 Nc7 33. Qd2 Rxe1+ 34. Qxe1 a6 35. Qe3 Kf7 36. Qh3 Ne6 37. c6 Qf4 38. Qd3 Qc4 39. Qf3+ Ke7 40. Qg3 g5 41. b5 axb5 42. axb5 Qxb5 43. c7 Qb1+ 44. Kh2 Qb7 45. Qe5 Qxc7 46. Qxc7+ Nxc7 47. Kg3 Nb5 48. Kg4 Kf6 49. f4 Nxc3 50. fxg5+ Kg6 51. Kf4 d4 52. Kf3 Kxg5 53. g4 Nb5 54. Kg3 Na7 55. Kf3 Nc6 56. Kg3 Ne5 0-1

[Event "CZE-ch Amateurs 2022"]
[Site "Luhacovice"]
[Date "2022.03.15"]
[Round "5.8"]
[White "Nemec, Pavel"]
[Black "Tresnak, Filip"]
[Result "1-0"]
[ECO "A43"]
[WhiteElo "2223"]
[BlackElo "1931"]
[Annotator "RC"]
[PlyCount "59"]
[EventDate "2022.03.12"]
[EventType "swiss"]
[EventCountry "CZE"]
[SourceTitle "playchess.com"]
[Source "ChessBase"]
[SourceQuality "1"]
[TimeControl "5400+30"]

1. e4 e6 2. d4 c5 3. d5 exd5 4. exd5 d6 5. Nf3 Nf6 6. Be2 g6 7. O-O Bg7 8. Bb5+ Bd7 9. Re1+ Kf8 10. Bf1 h6 11. Bf4 Ne8 12. Nc3 Na6 13. Nd2 Bxc3 14. bxc3 Qf6 15. Bg3 Bf5 16. Rb1 Nac7 17. Rxb7 Nxd5 18. Bc4 Ndc7 19. Ne4 Bxe4 20. Rxe4 Rh7 21. Rxc7 Nxc7 22. Bxd6+ Kg8 23. Bxc7 Qxc3 24. h3 Rc8 25. Qd7 Qa1+ 26. Kh2 Rf8 27. Be5 Qc1 28. Qd6 Qg5 29. Rg4 Qf5 30. Rxg6+ 1-0

[Event "CZE-ch Amateurs 2022"]
[Site "Luhacovice"]
[Date "2022.03.15"]
[Round "5.10"]
[White "Zabystrzan, Pavel"]
[Black "Novotny, Josef"]
[Result "1-0"]
[ECO "E62"]
[WhiteElo "2162"]
[BlackElo "2033"]
[Annotator "ChessBase"]
[PlyCount "59"]
[EventDate "2022.03.12"]
[EventType "swiss"]
[EventCountry "CZE"]
[SourceTitle "playchess.com"]
[Source "ChessBase"]
[SourceQuality "1"]
[TimeControl "5400+30"]

1. Nf3 e6 2. g3 d6 3. d4 g6 4. Bg2 Bg7 5. c4 Nc6 6. Nc3 Nf6 7. O-O O-O 8. e4 h6 9. d5 Na5 10. Qd3 exd5 11. cxd5 c5 12. dxc6 bxc6 13. Rd1 Ne8 14. Be3 Be6 15. b3 c5 16. Nd2 Rc8 17. Rac1 Nc6 18. Nc4 Bxc4 19. Qxc4 Ne5 20. Qe2 Qa5 21. Nd5 Nc6 22. b4 Qa4 23. bxc5 Kh7 24. Qc4 Qxc4 25. Rxc4 Ne5 26. Rcc1 Ng4 27. c6 Nxe3 28. Nxe3 Bb2 29. Rc2 Ba3 30. Bh3 1-0

[Event "CZE-ch Amateurs 2022"]
[Site "Luhacovice"]
[Date "2022.03.15"]
[Round "5.11"]
[White "Lukastik, David"]
[Black "Gabriel, Adam"]
[Result "0-1"]
[ECO "A31"]
[WhiteElo "1854"]
[BlackElo "2097"]
[Annotator "ChessBase"]
[PlyCount "70"]
[EventDate "2022.03.12"]
[EventType "swiss"]
[EventCountry "CZE"]
[SourceTitle "playchess.com"]
[Source "ChessBase"]
[SourceQuality "1"]
[TimeControl "5400+30"]

1. d4 Nf6 2. c4 c5 3. Nf3 cxd4 4. Nxd4 e5 5. Nb3 Nc6 6. Nc3 d6 7. Nd5 Nxd5 8. cxd5 Ne7 9. e4 Bd7 10. f4 exf4 11. Bxf4 Ng6 12. Bg3 Be7 13. Be2 Bh4 14. O-O Bxg3 15. hxg3 Qg5 16. Kh2 Ne5 17. Qd2 Qxd2 18. Nxd2 Rc8 19. Rac1 Ke7 20. Nc4 Nxc4 21. Bxc4 Rc5 22. b4 Rc7 23. Bb3 Rxc1 24. Rxc1 Rc8 25. Rxc8 Bxc8 26. Kg1 Kf6 27. Kf2 Ke5 28. Ke3 f5 29. Bc2 h6 30. a4 fxe4 31. Bxe4 Bf5 32. Bxf5 Kxf5 33. Kd4 Kg4 34. Ke4 g6 35. a5 a6 0-1

[Event "CZE-ch Amateurs 2022"]
[Site "Luhacovice"]
[Date "2022.03.15"]
[Round "5.12"]
[White "Kupsa, Matej"]
[Black "Vlachopulos, Georgis"]
[Result "1/2-1/2"]
[ECO "A84"]
[WhiteElo "2097"]
[BlackElo "1898"]
[Annotator "ChessBase"]
[PlyCount "71"]
[EventDate "2022.03.12"]
[EventType "swiss"]
[EventCountry "CZE"]
[SourceTitle "playchess.com"]
[Source "ChessBase"]
[SourceQuality "1"]
[TimeControl "5400+30"]

1. d4 f5 2. c4 d5 3. Nf3 e6 4. h3 Nf6 5. g4 c6 6. Nc3 Bb4 7. Qb3 Bxc3+ 8. bxc3 Ne4 9. Ba3 Qf6 10. Rg1 fxg4 11. hxg4 g5 12. Rg2 Nd7 13. Nd2 Nxd2 14. Kxd2 Nb6 15. e3 h5 16. Bd6 dxc4 17. Qd1 Qg6 18. Be5 Rh7 19. gxh5 Rxh5 20. Be2 Rh4 21. Qg1 g4 22. Rxg4 Rxg4 23. Qxg4 Qxg4 24. Bxg4 Bd7 25. Bh5+ Ke7 26. Rg1 Rf8 27. f4 Be8 28. Rg7+ Bf7 29. Rh7 Nd7 30. Bg7 Rg8 31. Bh6 Rg2+ 32. Ke1 Rxa2 33. Rxf7+ Kd6 34. Bf3 Rc2 35. Bg7 a5 36. Be5+ 1/2-1/2

[Event "CZE-ch Amateurs 2022"]
[Site "Luhacovice"]
[Date "2022.03.15"]
[Round "5.13"]
[White "Kulhanek, Jachym"]
[Black "Horvath, Tomas"]
[Result "0-1"]
[ECO "C99"]
[WhiteElo "1951"]
[BlackElo "2079"]
[Annotator "ChessBase"]
[PlyCount "104"]
[EventDate "2022.03.12"]
[EventType "swiss"]
[EventCountry "CZE"]
[SourceTitle "playchess.com"]
[Source "ChessBase"]
[SourceQuality "1"]
[TimeControl "5400+30"]

1. e4 e5 2. Nf3 Nc6 3. Bb5 a6 4. Ba4 Nf6 5. O-O b5 6. Bb3 Be7 7. Re1 O-O 8. h3 d6 9. c3 Na5 10. Bc2 c5 11. d4 cxd4 12. cxd4 Qc7 13. Nbd2 Bd7 14. Nf1 Rac8 15. Ne3 Nc6 16. d5 Nb4 17. Bb1 a5 18. a3 Na6 19. Bd2 Nc5 20. Nf1 Na4 21. Qb3 Qc4 22. Qa2 Qxa2 23. Rxa2 Bd8 24. b4 Nc3 25. Rb2 Bb6 26. Bd3 h6 27. Rc2 axb4 28. axb4 Na4 29. Rxc8 Rxc8 30. Rc1 Rxc1 31. Bxc1 Nc3 32. Ng3 Nd1 33. Nh1 g5 34. g4 h5 35. Bxg5 hxg4 36. Bxf6 gxf3 37. Be7 Bc7 38. Ng3 Nc3 39. Nh5 f5 40. exf5 e4 41. Bc2 Bxf5 42. Bb3 Bb6 43. Bg5 Ne2+ 44. Kf1 Bxh3+ 45. Ke1 Bd4 46. Nf6+ Bxf6 47. Bxf6 Nf4 48. Bc2 Bf5 49. Bd1 Nd3+ 50. Kd2 Nxf2 51. Bxf3 exf3 52. Ke3 Ng4+ 0-1

[Event "CZE-ch Amateurs 2022"]
[Site "Luhacovice"]
[Date "2022.03.15"]
[Round "5.15"]
[White "Dudek Vojtech"]
[Black "Zaza, Martin"]
[Result "0-1"]
[ECO "D02"]
[WhiteElo "2045"]
[BlackElo "1822"]
[Annotator "ChessBase"]
[PlyCount "100"]
[EventDate "2022.03.12"]
[EventType "swiss"]
[EventCountry "CZE"]
[SourceTitle "playchess.com"]
[Source "ChessBase"]
[SourceQuality "1"]
[TimeControl "5400+30"]

1. Nf3 Nf6 2. d4 d5 3. Bf4 c5 4. e3 Nc6 5. c3 Qb6 6. Qb3 c4 7. Qc2 Bf5 8. Qc1 e6 9. Be2 Be7 10. Nbd2 h6 11. O-O O-O 12. b3 cxb3 13. axb3 Ne4 14. Nxe4 Bxe4 15. Nd2 Bg6 16. b4 Rfc8 17. Qb2 Nxb4 18. e4 Nc6 19. Qa2 dxe4 20. Rfb1 Qd8 21. Rxb7 Bd6 22. Be3 Rcb8 23. Ba6 Bxh2+ 24. Kxh2 Rxb7 25. Bxb7 Qc7+ 26. Bf4 Qxb7 27. Nc4 Ne7 28. Na5 Qb6 29. Qa3 Nd5 30. Bg3 Nf6 31. Nc4 Qb5 32. Ne5 Qe2 33. c4 Bf5 34. Qe3 Qb2 35. Ra3 a5 36. Rb3 Qa1 37. Bh4 a4 38. Bxf6 axb3 39. Qg3 Bg6 40. Nxg6 fxg6 41. Qxg6 Qa7 42. Be5 b2 43. Qxe6+ Qf7 44. Qb6 Qh5+ 45. Kg3 Qg5+ 46. Kh3 Ra3+ 47. g3 Qh5+ 48. Kg2 Qf3+ 49. Kh3 Ra1 50. Qe6+ Kh7 0-1